 Dungeon Crawl Stone Soup version 0.18-a0-1800-gdc7a371 (webtiles) character file.

27061 zzzzz the Thaumaturge (level 13, -6/76 HPs)
             Began as a Gargoyle Earth Elementalist on Apr 24, 2016.
             Was an Elder of Vehumet.
             Mangled by a death yak (20 damage)
             ... on level 3 of the Lair of Beasts.
             The game lasted 01:06:44 (19602 turns).

zzzzz the Thaumaturge (GrEE)                       Turns: 19602, Time: 01:06:45

Health: -6/76      AC: 27    Str: 13    XL:     13   Next: 30%
Magic:  8/27       EV: 17    Int: 22    God:    Vehumet [****..]
Gold:   772        SH:  0    Dex: 10    Spells: 7 memorised, 12 levels left

rFire  + . .     SeeInvis .     r - +8 mace of the Cup {crush, rElec rC+ Int+2}
rCold  + + .     Gourm    .     g - +2 robe {rC+ rF+}
rNeg   + . .     Faith    .     (no shield)
rPois  ∞         Spirit   .     O - +1 helmet
rElec  +         Dismiss  .     e - +2 cloak
rCorr  .         Reflect  .     T - +2 pair of gloves
SustAt .         Harm     .     (no boots)
MR     .....                    (no amulet)
Stlth  ++........               F - +3 ring of evasion
                                n - +5 ring of protection

@: very slightly contaminated, regenerating, not resistant to hostile
enchantments, unstealthy
A: negative energy resistance 1, electricity resistance, unbreathing,
petrification resistance, rot immunity, AC +9
a: Renounce Religion


You were on level 3 of the Lair of Beasts.
You worshipped Vehumet.
Vehumet was greatly pleased with you.
You were very hungry.

You visited 3 branches of the dungeon, and saw 15 of its levels.

You collected 1024 gold pieces.
You spent 252 gold pieces at shops.

Inventory:

Hand Weapons
 r - the +8 mace of the Cup (weapon) {crush, rElec rC+ Int+2}
   (You bought it in a shop on level 4 of the Dungeon)

   It inflicts extra damage upon your enemies.
   It affects your intelligence (+2).
   It protects you from cold.
   It insulates you from electricity.
 x - a +8 mace of holy wrath
 A - a +3 demon trident
 B - the +10 trident of Benevolence {freeze, rF+}
   (You found it on level 6 of the Dungeon)

   It has been specially enchanted to freeze those struck by it, causing extra
   injury to most foes and up to half again as much damage against particularly
   susceptible opponents.
   It can also slow down cold-blooded creatures.
   It protects you from fire.
Missiles
 b - 411 stones (quivered)
Armour
 e - a +2 cloak (worn)
 g - a +2 robe of resistance (worn)
 O - a +1 helmet (worn)
 T - a +2 pair of gloves (worn)
Magical Staves
 j - an uncursed staff of energy {unknown}
 Q - an uncursed staff of earth {unknown}
Jewellery
 n - a +5 ring of protection (left hand)
 t - an uncursed ring of sustain attributes
 y - an uncursed ring of flight
 F - a +3 ring of evasion (right hand)
 K - an uncursed ring of fire
 S - a cursed -4 ring of dexterity {unknown}
Wands
 k - a wand of enslavement (7/24)
 s - a wand of random effects (18/48)
 v - a wand of polymorph (11/24)
 C - a wand of digging (13/24)
 G - a wand of random effects (31/48)
 H - a wand of disintegration (17/24)
 M - a wand of teleportation (5/9)
Scrolls
 q - 4 scrolls of amnesia
 w - 7 scrolls of remove curse
 z - 2 scrolls of blinking
 L - a scroll of fear
Potions
 a - a potion of ambrosia
 f - 4 potions of heal wounds
 h - 2 potions of agility
 o - a potion of cure mutation
 u - 2 potions of mutation
 D - 2 potions of haste
 E - 6 potions of curing
 I - 2 potions of might
 P - a potion of brilliance
Books
 c - a book of Geomancy

   Spells                             Type                      Level
   a - Sandblast                      Earth                        1
   b - Passwall                       Transmutation/Earth          2
   c - Stone Arrow                    Conjuration/Earth            3
   d - Petrify                        Transmutation/Earth          4
   e - Lee's Rapid Deconstruction     Earth                        5
 N - a book of Necromancy

   Spells                             Type                      Level
   a - Pain                           Necromancy                   1
   b - Animate Skeleton               Necromancy                   1
   c - Vampiric Draining              Necromancy                   3
   d - Regeneration                   Charms/Necromancy            3
   e - Animate Dead                   Necromancy                   4
   f - Control Undead                 Necromancy                   4
 R - Nainwuru's Grimoire of Cold
   (You found it on level 4 of the Lair of Beasts)

   Spells                             Type                      Level
   a - Ensorcelled Hibernation        Hexes/Ice                    2
   b - Bolt of Cold                   Conjuration/Ice              6
   c - Simulacrum                     Ice/Necromancy               6
Comestibles
 d - 20 bread rations
 l - 40 fruits
 p - 10 meat rations


   Skills:
 + Level 7.0 Fighting
 + Level 7.0 Maces & Flails
 + Level 7.4 Armour
 + Level 6.3 Dodging
 - Level 2.1 Stealth
 * Level 10.9 Spellcasting
 + Level 9.3 Conjurations
   Level 0.7 Transmutations
 * Level 5.1 Fire Magic
 + Level 10.6 Earth Magic


You had 12 spell levels left.
You knew the following spells:

 Your Spells              Type           Power        Failure   Level  Hunger
a - Sandblast             Erth           ######       1%          1    None
b - Stone Arrow           Conj/Erth      ######       1%          3    None
c - Lee's Rapid Deconstr  Erth           ######....   1%          5    ####...
d - Magic Dart            Conj           ####         1%          1    None
e - Regeneration          Chrm/Necr      ##........   17%         3    None
f - Inner Flame           Hex/Fire       ###.....     2%          3    None
g - Lightning Bolt        Conj/Air       ####......   8%          5    ####...


Dungeon Overview and Level Annotations

Branches:
Dungeon (10/15)            Temple (1/1) D:7            Lair (4/8) D:10
  Swamp (0/4) Lair:4
  Snake: Lair:3-6    Spider: Lair:3-6       Orc: D:9-12

Altars:
Ashenzari
Cheibriados
Dithmenos
Elyvilon
Fedhas
Gozag
Kikubaaqudgha
Makhleb
Nemelex Xobeh
Okawaru
Pakellas
Qazlal
Ru
Sif Muna
Trog
Vehumet
Xom
Yredelemnul
Zin
The Shining One

Shops:
D:4 *   D:8 (


Innate Abilities, Weirdness & Mutations

You are resistant to torment.
Your stone body is resilient (AC +9).
You are immune to poison.
You resist negative energy.
You are resistant to electric shocks.
You can survive without breathing.
You are immune to petrification.
You are immune to rotting.


Message History

Read which item? (? for menu, Esc to quit)
As you read the scroll of fear, it crumbles to dust.
You assume a fearsome visage.
The spiny frog looks frightened!
The death yak resists with almost no effort.
The death yak gores you.
* * * LOW HITPOINT WARNING * * *
Unknown command.
Casting: Stone Arrow
Confirm with . or Enter, or press ? or * to list all spells.
Okay, then.
Casting: Stone Arrow
Confirm with . or Enter, or press ? or * to list all spells.
You miscast Regeneration.
You are very lightly contaminated with residual magic.
Multicoloured lights dance before your eyes!
The death yak gores you but does no damage.
Casting: Regeneration
Confirm with . or Enter, or press ? or * to list all spells.
Your skin crawls.
The death yak gores you!!
You die...

......................#..........
.......P...........).............
.#.......##.#.#....#...........#.
...P..##.##.......#............#.
#.P...###...........#............
....##.##.....##.....#...........
........####.#.#.................
....#....# ###..Y................
...#..##.# ##.@................
.##.#..### ##...................
.##...##.# ##....................
........####.#...................
......#.# #...##.................
...#...## #.....#.P..............
P.##...# #....#.#...............
.#..#.## ###.#..................
......# ##....##........#.....


You could see a death yak.

Vanquished Creatures
  Maud (Lair:3)
  2 hydras
  A catoblepas (Lair:3)
  A death yak (Lair:3)
  A griffon (Lair:4)
  A black mamba (Lair:2)
  Psyche (D:8)
  7 spiny frogs
  A gargoyle (D:10)
  A komodo dragon (Lair:3)
  2 rime drakes
  Prince Ribbit (Lair:2)
  Grinder (D:3)
  A two-headed ogre (D:8)
  22 blink frogs
  A spriggan (D:7)
  15 yaks
  Eustachio (D:5)
  5 vampire mosquitoes (Lair:4)
  5 hippogriffs
  A hungry ghost (D:10)
  10 porcupines
  5 orc warriors
  10 water moccasins
  An ice beast (D:10)
  4 phantoms
  A wasp (Lair:2)
  3 black bears
  A necrophage (D:6)
  11 wolves
  7 centaurs
  10 ogres
  5 crocodiles
  A big kobold (D:10)
  14 giant frogs
  3 scorpions
  11 killer bees
  3 wights (D:8)
  6 howler monkeys
  7 crimson imps
  A quasit (D:10)
  A jelly (D:9)
  A centaur zombie (D:10)
  4 orc priests
  4 hounds
  8 orc wizards
  2 centaur skeletons
  A gnoll shaman (D:4)
  2 giant frog skeletons (D:8)
  Jessica (D:3)
  3 hell rats (D:10)
  7 iguanas
  12 worker ants
  A killer bee zombie (D:7)
  A worker ant zombie (D:6)
  14 adders
  11 gnolls (D:4)
  A howler monkey skeleton (D:6)
  42 river rats
  4 shadow imps
  An ooze (D:1)
  An adder zombie (D:6)
  2 worms
  2 dart slugs (D:1)
  5 giant geckos
  35 orcs
  7 bats
  5 giant cockroaches
  2 gnoll zombies (D:2)
  14 goblins
  11 hobgoblins
  4 jackals (D:1)
  20 kobolds
  12 quokkas
  7 giant newts
  11 rats
445 creatures vanquished.

Vanquished Creatures (collateral kills)
  A blink frog (Lair:1)
1 creature vanquished.

Vanquished Creatures (others)
  3 jackals (D:1)
  A rat (D:1)
  A fungus (Lair:1)
  3 plants (Lair:1)
8 creatures vanquished.

Grand Total: 454 creatures vanquished

Notes
Turn   | Place    | Note
--------------------------------------------------------------
     0 | D:1      | zzzzz the Gargoyle Earth Elementalist began the quest for the Orb.
     0 | D:1      | Reached XP level 1. HP: 10/10 MP: 3/3
   229 | D:1      | Reached XP level 2. HP: 15/15 MP: 5/5
   458 | D:1      | Found a sparkling altar of Nemelex Xobeh.
  1076 | D:1      | Reached XP level 3. HP: 19/19 MP: 4/7
  1083 | D:1      | Learned a level 3 spell: Stone Arrow
  1530 | D:2      | Reached XP level 4. HP: 24/24 MP: 5/9
  1576 | D:2      | Found a glowing silver altar of Zin.
  2001 | D:2      | Found a sacrificial altar of Ru.
  2442 | D:2      | Found a basalt altar of Yredelemnul.
  2552 | D:2      | Reached skill level 1 in Conjurations
  2909 | D:3      | Noticed Jessica
  2916 | D:3      | Killed Jessica
  2916 | D:3      | Reached XP level 5. HP: 28/28 MP: 10/10
  3116 | D:3      | Learned a level 5 spell: Lee's Rapid Deconstruction
  3301 | D:3      | Noticed Grinder
  3332 | D:3      | Killed Grinder
  3332 | D:3      | Reached skill level 5 in Earth Magic
  3332 | D:3      | Reached XP level 6. HP: 24/32 MP: 2/13
  3544 | D:4      | Reached skill level 5 in Spellcasting
  3744 | D:4      | Reached XP level 7. HP: 36/36 MP: 5/14
  4791 | D:4      | Found an opulent altar of Gozag.
  5098 | D:4      | Found Syatiah's Assorted Antiques.
  5396 | D:5      | Entered Level 5 of the Dungeon
  5721 | D:5      | Noticed Eustachio
  5738 | D:5      | Killed Eustachio
  5738 | D:5      | Reached XP level 8. HP: 15/41 MP: 1/17
  6317 | D:5      | Found an iron altar of Okawaru.
  6365 | D:5      | Found a shadowy altar of Dithmenos.
  6603 | D:4      | Bought a crystal mace for 224 gold pieces
  6603 | D:4      | Bought a scroll labeled GONIRU HEACIU for 28 gold pieces
  6603 | D:4      | Identified the +8 mace of the Cup {crush, rElec rC+ Int+2} (You bought it in a shop on level 4 of the Dungeon)
  6645 | D:6      | Reached skill level 1 in Maces & Flails
  6645 | D:6      | Reached skill level 1 in Armour
  6671 | D:6      | Reached skill level 1 in Fighting
  6821 | D:6      | Reached XP level 9. HP: 47/47 MP: 12/19
  6956 | D:6      | Reached skill level 5 in Conjurations
  7320 | D:6      | Found a white marble altar of Elyvilon.
  7782 | D:6      | Got a crystal trident
  7783 | D:6      | Identified the +10 trident of Benevolence {freeze, rF+} (You found it on level 6 of the Dungeon)
  8097 | D:6      | You fall through a shaft for 2 floors!
  8097 | D:8      | Noticed Psyche
  8099 | D:8      | Paralysed by Psyche for 2 turns
  8115 | D:8      | Killed Psyche
  8858 | D:7      | Reached XP level 10. HP: 56/56 MP: 12/22
  8957 | D:7      | Found a glowing golden altar of the Shining One.
  9320 | D:7      | Found a staircase to the Ecumenical Temple.
  9329 | Temple   | Entered the Ecumenical Temple
  9383 | Temple   | Became a worshipper of Vehumet
 10213 | D:7      | Found a shimmering altar of Xom.
 10603 | D:8      | Found Reys's Antique Weapon Shoppe.
 10707 | D:8      | Reached * piety under Vehumet
 10707 | D:8      | Offered knowledge of Magic Dart by Vehumet.
 10821 | D:8      | Learned a level 1 spell: Magic Dart
 11515 | D:9      | Noticed a four-headed hydra
 11523 | D:9      | Killed a four-headed hydra
 11523 | D:9      | Reached skill level 5 in Maces & Flails
 11624 | D:9      | Reached XP level 11. HP: 62/62 MP: 24/24
 12061 | D:9      | Found a stormy altar of Qazlal.
 12252 | D:10     | Entered Level 10 of the Dungeon
 12351 | D:10     | Reached skill level 5 in Armour
 12353 | D:10     | Found a staircase to the Lair.
 12354 | D:10     | Reached ** piety under Vehumet
 12357 | D:10     | Offered knowledge of Freeze by Vehumet.
 12458 | D:10     | Reached skill level 5 in Fighting
 12955 | Lair:1   | Entered Level 1 of the Lair of Beasts
 13438 | Lair:1   | Offered knowledge of Dazzling Spray by Vehumet.
 13669 | Lair:1   | Reached skill level 5 in Dodging
 14415 | Lair:2   | Reached *** piety under Vehumet
 14777 | Lair:2   | Reached XP level 12. HP: 26/70 MP: 25/25
 14787 | Lair:1   | Reached skill level 10 in Spellcasting
 15070 | Lair:2   | Reached skill level 10 in Earth Magic
 15297 | Lair:2   | Learned a level 3 spell: Regeneration
 15397 | Lair:1   | Offered knowledge of Inner Flame by Vehumet.
 15405 | Lair:1   | Learned a level 3 spell: Inner Flame
 15920 | Lair:2   | Reached skill level 1 in Fire Magic
 16022 | Lair:2   | Noticed Prince Ribbit
 16028 | Lair:2   | Killed Prince Ribbit
 16427 | Lair:2   | Reached **** piety under Vehumet
 16434 | Lair:2   | Offered knowledge of Lightning Bolt by Vehumet.
 16442 | Lair:2   | Learned a level 5 spell: Lightning Bolt
 16587 | Lair:3   | Noticed Maud
 16612 | Lair:3   | Killed Maud
 17175 | Lair:3   | Noticed a catoblepas
 17186 | Lair:3   | Killed a catoblepas
 18103 | Lair:4   | Identified Nainwuru's Grimoire of Cold
 18134 | Lair:4   | Noticed a four-headed hydra
 18148 | Lair:4   | Killed a four-headed hydra
 18233 | Lair:4   | Reached XP level 13. HP: 76/76 MP: 18/27
 18603 | Lair:4   | Found a staircase to the Swamp.
 19317 | Lair:4   | Reached skill level 5 in Fire Magic
 19602 | Lair:3   | Mangled by a death yak

Vault maps used:
D:1:      ncdulo_smallfort, kennysheep_nondescript, nemelex_altar_shiori
D:2:      wad_woods_stonehenge, zin_academy, lemuel_zombie_altar_yredelemnul,
          st_stairs_8
D:3:      uniq_grinder, uniq_jessica
D:4:      corexii_shantytown, kennysheep_mini_moat, serial_shops, shop,
          first_bread
D:5:      okawaru_metal_pillars_1_2, grunt_dithmenos_shadows, uniq_eustachio
D:6:      lemuel_round_altar, grunt_ministairs_12, minmay_item_behind_shaft,
          minmay_joined_circles
D:7:      lemuel_crystal_altar, minmay_temple_entry_enclosed_plants, the_bakery,
          grunt_decor_mini_mirrors, lemuel_centaur_altar
D:8:      serial_shops, kennysheep_little_box, uniq_psyche
D:9:      grunt_qazlal_clouds, minmay_misc_feat_ornament
D:10:     dpeg_lair_monsters, lightli_orcish_oven
Temple:   eino_temple_water_12
Lair:1:   grunt_forest_large_clearings, serial_bayou_shore_a
Lair:2:   uniq_prince_ribbit2
Lair:3:   uniq_maud
Lair:4:   beast_lair_carwin_large_3, minmay_swamp_entry_swarm

Skill      XL: |  1  2  3  4  5  6  7  8  9 10 11 12 13 |
---------------+----------------------------------------+-----
Earth Magic    | 4 5 6 7 8 9 10 | 10.6
Spellcasting   | 3 4 5 6 7 8 9 10 | 10.9
Conjurations   | 1 2 4 5 6 7 9 |  9.3
Dodging        | 2 3 4 5 6 |  6.3
Maces & Flails | 1 3 5 6 7 |  7.0
Armour         | 1 2 4 6 7 |  7.4
Fighting       | 1 3 4 6 7 |  7.0
Fire Magic     | 3 5 |  5.1
Stealth        | |  2.1
Transmutations | |  0.7

Action                   |  1- 3 |  4- 6 |  7- 9 | 10-12 | 13-15 || total
-------------------------+-------+-------+-------+-------+-------++-------
Melee: Short sword       |    40 |   142 |    26 |       |       ||   208
       Hand axe          |       |    10 |       |       |       ||    10
       Mace              |       |       |   292 |   769 |   130 ||  1191
 Cast: Sandblast         |    33 |    10 |    38 |       |       ||    81
       Stone Arrow       |       |     4 |    55 |   124 |    35 ||   218
       Lee's Rapid Decon |       |       |       |     3 |     3 ||     6
       Regeneration      |       |       |       |     2 |     8 ||    10
 Abil: Evoke Flight      |       |       |       |     1 |       ||     1
Evoke: Wand              |       |     4 |       |     3 |       ||     7
  Use: Scroll            |     2 |     7 |    15 |    17 |     3 ||    44
       Potion            |       |       |     2 |     2 |       ||     4
 Stab: Sleeping          |     1 |     4 |     5 |     5 |       ||    15
       Invisible         |       |       |       |     6 |       ||     6
  Eat: Chunk             |     2 |     7 |    15 |    31 |     4 ||    59
       Beef jerky        |       |       |     2 |     1 |       ||     3
       Fruit             |       |       |       |     2 |       ||     2
       Pizza             |       |       |       |     1 |       ||     1
Armor: Robe              |    21 |    69 |   221 |   443 |   119 ||   873
Dodge: Dodged            |    52 |   119 |   315 |  1001 |   279 ||  1766
